 Dungeon Crawl Stone Soup version 0.31-a0-165-g3f4f80340b (webtiles) character file.

Game seed: 7250252015480949758

513 qw the Chopper (level 7, 0/43 HPs)
             Began as a Gargoyle Fighter on June 13, 2023.
             Slain by an iguana (11 damage)
             ... on level 4 of the Dungeon.
             The game lasted 00:01:59 (3753 turns).

qw the Chopper (Gargoyle Fighter)                   Turns: 3753, Time: 00:01:59

Health: 0/43       AC: 12    Str: 21    XL:     7   Next: 20%
Magic:  7/7        EV: 14    Int:  9    God:
Gold:   234        SH:  4    Dex:  9    Spells: 6/6 levels left

rFire   . . .        Y - +0 war axe
rCold   . . .        c - +0 buckler
rNeg    + . .        b - +0 scale mail
rPois   inf          (no helmet)
rElec   +            (no cloak)
rCorr   .            l - +0 pair of gloves
SInv    .            (no boots)
Will    .....        (no amulet) Stlth
                     h - +5 ring of evasion
HPRegen 0.27/turn    (no ring)
MPRegen 0.10/turn

%: no passive effects
@: about to teleport
A: sickness immunity, AC +4, negative energy resistance 1, electricity
resistance, torment resistance 1, petrification resistance
a: no special abilities


You were on level 4 of the Dungeon.
You visited 1 branch of the dungeon, and saw 5 of its levels.

You collected 234 gold pieces.


Innate Abilities, Weirdness & Mutations

You are immune to sickness and miasma.
Your stone body is resilient. (AC +4)
You are immune to poison.
You resist negative energy. (rN+)
You are resistant to electric shocks. (rElec)
You are resistant to unholy torment.
You are immune to petrification.


   Skills:
 - Level 4.2 Fighting
 + Level 6.2 Axes
 - Level 3.2 Armour
 - Level 1.5 Dodging
 - Level 3.2 Shields


You had 6 spell levels left.
You didn't know any spells.
Your spell library was empty.

Inventory:

Hand Weapons
 o - a +0 flail
 Y - a +0 war axe (weapon)
Armour
 b - a +0 scale mail (worn)
 c - a +0 buckler (worn)
 l - a +0 pair of gloves (worn)
Jewellery
 h - a +5 ring of evasion (left hand)
Scrolls
 a - a scroll of teleportation
 j - a scroll of identify
Potions
 d - 3 potions of might
 e - a potion of resistance
 f - a potion of mutation
 g - a potion of attraction
 k - a potion of brilliance {unknown}
 n - a potion of haste {unknown}

Dungeon Overview and Level Annotations

Branches:
Dungeon (5/15)
 Temple: D:4-7

Altars:


Message History

The iguana bites you but does no damage. x2
The gnoll completely misses you. The howler monkey closely misses you.
You barely miss the gnoll.
The gnoll is almost dead.
You hit the iguana but do no damage. You hit the howler monkey.
You hit the iguana but do no damage. You block the iguana's attack.
The iguana bites you! The gnoll completely misses you.
The howler monkey hits you but does no damage.
The gnoll misses you.
The iguana bites you but does no damage.
The iguana closely misses you.
You slash the gnoll!
You kill the gnoll!
You hit the howler monkey. You closely miss the iguana. You slash the iguana!
The howler monkey hits you but does no damage.
The iguana misses you.
The iguana bites you but does no damage.
You barely miss the howler monkey.
The howler monkey is severely wounded.
You closely miss the iguana. You barely miss the iguana.
The howler monkey hoots and howls with incredible vigour!
The iguana closely misses you. x2; The howler monkey hits you.
You slash the howler monkey!
You kill the howler monkey!
You hit the iguana. You barely miss the iguana. The iguana bites you!
The iguana barely misses you.
You barely miss the iguana.
The iguana is heavily wounded.
You closely miss the iguana. The iguana bites you.
The iguana closely misses you.
3752 ||| READING 2 scrolls of teleportation.
As you read the scroll of teleportation, it crumbles to dust.
You feel strangely unstable. The iguana barely misses you.
You block the iguana's attack.
You hit the iguana.
The iguana is severely wounded.
You slash the iguana! The iguana bites you!
You die...

...####..###.####...##.########.#
......^.........................#
....###..###.####.#..#.##########
....# #..# #.#....#..#..........#
.#.## #..# #.#.##.#..##########.#
.#.# #..###.#.####..# #.# .#.#
#..##....#..#..## #.# ##.#
#......###)l#...# #.# .#.#
#.##..## #@.#...# #.#
.#.####.##..# #l)#...# #.#
........##..# #..##..# #.#
.#.#######..####..##..# #.#
.#....# #.........#..# #.#
##....# #...###...#..# #.#
##....####...# #...#..# #.#
##...........# #...#..# #.#
###...####.#.# #...#..#########.#


You could see 2 iguanas.

Vanquished Creatures
  A scorpion (D:4)
  3 wights
  A howler monkey (D:4)
  A hound (D:4)
  An orc priest (D:4)
  Ijyb (D:4)
  2 gnolls (D:4)
  6 adders
  4 worms
  4 orcs (D:4)
  5 ball pythons
  7 bats (D:1)
  7 endoplasms
  7 giant cockroaches
  12 goblins
  4 hobgoblins
  7 quokkas
  A frilled lizard (D:2)
  13 kobolds
  5 rats
92 creatures vanquished.

Notes
Turn   | Place    | Note
-------+----------+-------------------------------------------
     0 | D:1      | qw the Gargoyle Fighter began the quest for the Orb.
     0 | D:1      | Reached XP level 1. HP: 14/14 MP: 1/1
     0 | D:1      | 0 ||| qw: Version: 0.2-a-29-gc1b59c4
     0 | D:1      | 0 ||| qw: Game counter: 4768
     0 | D:1      | 0 ||| qw: Always use a shield: true
     0 | D:1      | 0 ||| qw: God list: Okawaru
     0 | D:1      | 0 ||| qw: Allow faded altars: false
     0 | D:1      | 0 ||| qw: Do Orc after D:15 true
     0 | D:1      | 0 ||| qw: Do second Lair branch before Depths: true
     0 | D:1      | 0 ||| qw: Lair rune preference: random
     0 | D:1      | 0 ||| qw: Plans: Normal, Zot:1-4, Slime:5, God:TSO, Crypt,
                  | Tomb, Abyss, Pan, Hells, Win
     0 | D:1      | 0 ||| PLANNING D:1-11
    70 | D:1      | Reached skill level 2 in Axes
   103 | D:1      | Reached XP level 2. HP: 19/19 MP: 2/2
   112 | D:1      | 112 ||| Stepping ~*~*~tactically~*~*~ (hiding).
   115 | D:1      | 115 ||| Stepping ~*~*~tactically~*~*~ (hiding).
   116 | D:1      | 116 ||| Stepping ~*~*~tactically~*~*~ (hiding).
   117 | D:1      | 117 ||| Stepping ~*~*~tactically~*~*~ (hiding).
   118 | D:1      | 118 ||| Stepping ~*~*~tactically~*~*~ (hiding).
   309 | D:1      | 309 ||| Stepping ~*~*~tactically~*~*~ (hiding).
   612 | D:1      | Reached skill level 3 in Axes
   621 | D:1      | Reached XP level 3. HP: 22/23 MP: 3/3
   950 | D:1      | 950 ||| READING 2 scrolls labelled NITTUD NOTECE.
   954 | D:1      | 954 ||| READING scroll labelled JUMU OREDIE.
   955 | D:1      | 955 ||| READING 2 scrolls labelled ZOBEIGEIJA.
  1056 | D:1      | 1056 ||| READING 3 scrolls labelled DYGHEU BUYXI.
  1057 | D:1      | 1057 ||| READING scroll labelled RITIYGR ROWKA.
  1058 | D:1      | 1058 ||| READING 2 scrolls of identify.
  1058 | D:1      | 1058 ||| IDENTIFYING fuming ruby potion
  1059 | D:1      | 1059 ||| DROPPING scroll of silence.
  1119 | D:2      | 1119 ||| Stepping ~*~*~tactically~*~*~ (stealth).
  1419 | D:2      | Found a faded altar of an unknown god.
  1993 | D:3      | Reached XP level 4. HP: 28/28 MP: 4/4
  1997 | D:3      | Reached skill level 4 in Axes
  2430 | D:3      | 2430 ||| UPGRADING to +0 pair of gloves.
  2435 | D:3      | 2435 ||| READING scroll labelled NEOSYO NOIPS.
  2436 | D:3      | 2436 ||| READING scroll labelled AQACIDGHATU.
  2437 | D:3      | 2437 ||| READING 3 scrolls of identify.
  2437 | D:3      | 2437 ||| IDENTIFYING fizzy brown potion
  2438 | D:3      | 2438 ||| READING 2 scrolls of identify.
  2438 | D:3      | 2438 ||| IDENTIFYING lumpy emerald potion
  2470 | D:4      | 2470 ||| Stepping ~*~*~tactically~*~*~ (stealth).
  2492 | D:4      | Reached XP level 5. HP: 24/32 MP: 5/5
  2700 | D:4      | 2700 ||| Stepping ~*~*~tactically~*~*~ (stealth).
  2710 | D:4      | 2710 ||| Stepping ~*~*~tactically~*~*~ (stealth).
  2738 | D:4      | 2738 ||| Stepping ~*~*~tactically~*~*~ (stealth).
  2750 | D:4      | Reached skill level 5 in Axes
  2837 | D:4      | Noticed Ijyb
  2855 | D:4      | Killed Ijyb
  2856 | D:4      | Reached XP level 6. HP: 23/38 MP: 6/6
  3034 | D:4      | 3034 ||| DROPPING +0 club.
  3634 | D:4      | 3634 ||| UPGRADING to +5 ring of evasion.
  3635 | D:4      | 3635 ||| READING scroll labelled GUSOYLEVUN.
  3662 | D:5      | Entered Level 5 of the Dungeon
  3665 | D:5      | 3665 ||| STAIRDANCE
  3671 | D:4      | Reached skill level 1 in Dodging
  3724 | D:5      | 3724 ||| STAIRDANCE
  3729 | D:4      | Reached XP level 7. HP: 39/43 MP: 7/7
  3733 | D:4      | Reached skill level 6 in Axes
  3743 | D:5      | 3743 ||| STAIRDANCE
  3751 | D:4      | HP: 10/43 [iguana (4)]
  3752 | D:4      | 3752 ||| READING 2 scrolls of teleportation.
  3753 | D:4      | Slain by an iguana

Levels and vault maps discovered:
D:1:      dpeg_arrival_rooms_b, layout_loops_cross
D:2:      layout_loops_ring, hellmonk_ecumenical_altar_inner_sanctum
D:3:      layout_basic, serial_glass, glass_columns_a, glass_columns_c,
          glass_columns_a, glass_columns_a
D:4:      kennysheep_the_goblin_king, layout_basic
D:5:      layout_rooms, jmf_multi_god_temple, bh_walls_and_bars, uniq_sigmund

Skill      XL: |  1  2  3  4  5  6  7 |
---------------+----------------------+-----
Axes           | 2 3 4 5 6 |  6.2
Fighting       | 4 |  4.2
Dodging        | 1 |  1.5
Armour         | |  3.2
Shields        | |  3.2

Action                     |  1- 3 |  4- 6 |  7- 9 || total
---------------------------+-------+-------+-------++-------
  Melee: War axe           |   160 |   153 |    12 ||   325
    Use: Scroll            |     6 |     5 |     1 ||    12
 Armour: Scale mail        |    72 |    78 |     8 ||   158
  Dodge: Dodged            |    79 |    68 |    23 ||   170
  Block: Buckler           |    29 |    25 |     7 ||    61

Table legend:
 A = Non-vault XP
 B = Vault XP
 C = Vault XP percentage of total XP
 D = Non-vault monster count
 E = Vault monster count
 F = Vault count percentage of total count
                 A         B        C        D         E       F
            +---------+---------+-------+---------+---------+-------
      Total |     688 |      46 |   6.3 |      85 |       7 |   7.6
            +---------+---------+-------+---------+---------+-------
        D:1 |      41 |       0 |   0.0 |      24 |       0 |   0.0
        D:2 |      24 |       0 |   0.0 |      10 |       0 |   0.0
        D:3 |      69 |       0 |   0.0 |      17 |       0 |   0.0
        D:4 |     480 |      46 |   8.7 |      33 |       7 |  17.5
        D:5 |      74 |       0 |   0.0 |       1 |       0 |   0.0
            +---------+---------+-------+---------+---------+-------
